 Dungeon Sprint DCSS version 0.03.2.1-71-g8aa608150a (webtiles) character file.

Game seed: 11320606776713668979, levelgen mode: deterministic

1572 esc the Nimble (level 8, 0/5 HPs) Fairy Earth Elementalist. Began on Feb 13, 2021. Was an Initiate of Vehumet. Succumbed to a soldier ant's poison ... in the Dungeon (Sprint II: "The Violet Keep of Menkaure"). The game lasted 00:01:42 (153 turns).

esc the Nimble (Fairy Earth Elementalist)            Turns: 153, Time: 00:01:42

Health: 0/5        AC:  0    Str:  2    XL:     8 ^: 552
Magic:  4/4        EV: 40    Int: 20    God:    Vehumet [0* [27]]
Gold:   972        SH:  0    Dex: 18    Spells: 30/31 levels left

rFire    . . .     Vision   x   (no jewelry)
rCold    . . .     Gourm    .
rNeg     . . .     Faith    .
rPois    .         Spirit   .
rElec    .         Reflect  .
rCorr    .         Harm     .
MR       +....     NoTele   +
Stlth    +.........
HPRegen  0.11/turn
MPRegen  0.14/turn

@: lethally poisoned (0 -> -2), glowing, slow
A: tiny, no armour or weapons, only one jewelry slot, no melee attacks, fairy
magic, fairy shield, fairy light, decreased potion and divine healing, impaired
vision, slowness 1, able to fly, insubstantial
a: Fly, Renounce Religion


You were in the Dungeon.
You worshipped Vehumet.
Vehumet was noncommittal.
You were not hungry.

You visited 1 branch You collected 972 gold pieces.

Inventory:

Jewellery
 i - an uncursed ring of ice
Scrolls
 h - a scroll of blinking
Potions
 c - a potion of curing
 d - a potion of heal wounds
 e - a potion of haste
 f - 2 potions of magic
 g - a potion of berserk rage
Comestibles
 a - 14 chunks of flesh
 b - a ration


   Skills:
 + Level 14.1 Dodging
 - Level 1.4 Stealth
 + Level 12.2 Spellcasting
   Level 1.0 Transmutations
 + Level 11.4 Earth Magic


You had 30 spell levels left.
You knew the following spells:

 Your Spells              Type           Power        Failure   Level  Hunger
a - Sandblast             Erth           50 (50)      1%          1    None

Your spell library contained the following spells:

 Spells                   Type           Power        Failure   Level  Hunger
 Passwall                 Tmut/Erth      37 (120)     1%          2    None
 Stone Arrow              Erth           50 (50)      1%          3    None
 Lee's Rapid Deconstruct  Erth           55 (200)     1%          5    ####...
 Methodical Deconstructi  Erth           55 (200)     1%          5    ####...
 Petrify                  Tmut/Erth      37 (100)     4%          4    #......


Dungeon Overview and Level Annotations

Branches:
Dungeon (1/1)

Altars:
Cheibriados
Dithmenos
Elyvilon
Fedhas Madash
Gozag Ym Sagoz
Hepliaklqana
Kikubaaqudgha
Makhleb
Nemelex Xobeh
Okawaru
Qazlal
Ru
Sif Muna
Trog
Uskayaw
Vehumet
Wu Jian
Xom
Yredelemnul
Zin
The Shining One
Beogh
Jiyva
Lugonu


Innate Abilities, Weirdness & Mutations

You are too small to use any gear.
You can wear a single ring or amulet completely around your body.
You are incapable of melee of any kind.
Your magic reserves are extremely low but spells that normally cost one mana are free and all other spells cost one mana.
You are extremely frail but all attacks that strike you do exactly one damage.
You exude a bright light in a small radius around yourself.
The effect of potions and godly healing effects is reduced to match your tiny health and magic reserves.
You cover ground slowly.
You can fly continuously.
Your insubstantial form boosts your evasion and grants immunity to sticky flames, nets and constriction.
Your poor vision makes scrolls take longer to read and aiming more difficult.


Message History

Aim: a soldier ant (severely wounded (12/33), haloed)
The blast of sand hits the soldier ant (6).
The soldier ant is almost dead. (6/33) HP The soldier ant completely misses you (0).
Casting: Sandblast (safe; 1% risk of failure)
Confirm with . or Enter, or press ? or * to list all spells.
Aiming: Sandblast (safe; 1% risk of failure)
Press: ? - help, Shift-Dir - straight line, f/p - soldier ant
Aim: a soldier ant (almost dead (6/33), haloed)
The blast of sand misses the soldier ant.
The soldier ant stings you (6).
* * * LOW HITPOINT WARNING * * *
Casting: Sandblast (safe; 1% risk of failure)
Confirm with . or Enter, or press ? or * to list all spells.
Aiming: Sandblast (safe; 1% risk of failure)
Press: ? - help, Shift-Dir - straight line, f/p - soldier ant
Aim: a soldier ant (almost dead (6/33), haloed)
The blast of sand hits the soldier ant (4).
The soldier ant is almost dead. (2/33) HP You die...

.. ##+## #. #...##.####
+^### ..##.# ...# ...#
###.####..#####..# $!$
##'###.##..#$.'..# ▓$$$$$
##.##.#.#..# #.†# ▓%!)%?
'.<.÷###'..####a^##.#▓?$)?[
##.##.#.#..†.###@..##▓▓▓▓▓▓
##'###.##......≈≈≈≈≈≈≈≈≈≈≈≈
#.).####≈≈...†.≈#'########+
..#..#≈≈≈≈≈≈≈..≈#_._.....#≈
#. .##≈≈≈≈§≈§≈.≈#._._....#≈
## ##≈≈≈§≈§≈≈≈≈≈#_._._...#§
≈≈≈≈≈≈≈§≈§≈§§#._._._..#§
+++#≈§≈§≈§≈§≈#_._._._.#§
##≈≈≈###≈≈#._._._._#§


You could see a soldier ant.

Vanquished Creatures
  A merfolk siren (D)
  4 neqoxecs (D)
  2 hippogriffs (D)
  2 soldier ants (D)
  A crocodile (D)
  3 worms (D)
13 creatures vanquished.

Vanquished Creatures (others)
  Menkaure (D)
1 creature vanquished.

Grand Total: 14 creatures vanquished

Notes
Turn   | Place    | Note
-------+----------+-------------------------------------------
     0 | D        | esc the Fairy Earth Elementalist began the quest for the
                  | Orb.
     0 | D        | Reached XP level 1. HP: 3/3 MP: 3/3
     3 | D        | Reached skill level 3 in Dodging
     5 | D        | Reached skill level 4 in Dodging
     5 | D        | Reached XP level 2. HP: 3/3 MP: 3/3
    28 | D        | Noticed a merfolk siren
    39 | D        | Killed a merfolk siren
    39 | D        | Reached skill level 10 in Dodging
    39 | D        | Reached XP level 3. HP: 3/4 MP: 3/3
    39 | D        | Reached XP level 4. HP: 3/4 MP: 3/3
    39 | D        | Reached XP level 5. HP: 3/4 MP: 3/3
    39 | D        | Reached XP level 6. HP: 4/5 MP: 3/3
    43 | D        | Killed Menkaure
    48 | D        | Noticed a hippogriff
    48 | D        | Noticed a hippogriff
    52 | D        | Killed a hippogriff
    52 | D        | Reached skill level 11 in Dodging
    52 | D        | Reached skill level 10 in Spellcasting
    52 | D        | Reached XP level 7. HP: 3/5 MP: 4/4
    55 | D        | Killed a hippogriff
    55 | D        | Reached skill level 12 in Dodging
    71 | D        | Noticed a neqoxec
    73 | D        | Noticed a neqoxec
    73 | D        | Gained mutation: Your poor vision makes scrolls take longer
                  | to read and aiming more difficult. [a neqoxec]
    76 | D        | Killed a neqoxec
    76 | D        | Reached skill level 10 in Earth Magic
    81 | D        | Killed a neqoxec
    81 | D        | Reached skill level 13 in Dodging
    81 | D        | Reached XP level 8. HP: 5/5 MP: 4/4
   109 | D        | Found an iron altar of Okawaru.
   109 | D        | Found a radiant altar of Vehumet.
   109 | D        | Found a glowing silver altar of Zin.
   110 | D        | Found a sparkling altar of Nemelex Xobeh.
   110 | D        | Found a hide-covered altar of Uskayaw.
   110 | D        | Found a basalt altar of Yredelemnul.
   111 | D        | Found an opulent altar of Gozag.
   111 | D        | Found a burning altar of Makhleb.
   111 | D        | Found a bloodstained altar of Trog.
   111 | D        | Found a shimmering altar of Xom.
   114 | D        | Found a blossoming altar of Fedhas.
   114 | D        | Found a corrupted altar of Lugonu.
   114 | D        | Found a shimmering blue altar of Sif Muna.
   115 | D        | Found a white marble altar of Elyvilon.
   115 | D        | Found an ancient bone altar of Kikubaaqudgha.
   116 | D        | Found a shadowy altar of Dithmenos.
   116 | D        | Found a viscous altar of Jiyva.
   117 | D        | Found a snail-covered altar of Cheibriados.
   119 | D        | Found a roughly hewn altar of Beogh.
   119 | D        | Found a sacrificial altar of Ru.
   119 | D        | Found a hazy altar of Hepliaklqana.
   120 | D        | Found a glowing golden altar of the Shining One.
   120 | D        | Found an ornate altar of the Wu Jian Council.
   120 | D        | Found a stormy altar of Qazlal.
   125 | D        | Became a worshipper of Vehumet
   147 | D        | Reached skill level 14 in Dodging
   153 | D        | Succumbed to a soldier ant's poison

Levels and vault maps discovered:
D:        the_violet_keep_of_menkaure [sprint2_stairs_cluster_1,
          sprint2_shoproom, sprint2_temple, sprint2_basic_supplies,
          sprint2_obstacle_2, sprint2_obstacle_5, sprint2_obstacle_4,
          sprint2_obstacle_7, sprint2_obstacle_3, sprint2_timed_cluster_1,
          sprint2_smallroom_cluster_1, sprint2_smallroom_final_cluster_1,
          sprint2_transparent_cluster_1, sprint2_second_timed_cluster_1,
          sprint2_sniper_area_1, sprint2_heavy_combat_area_1,
          sprint2_mutation_trap_area_1, sprint2_forest_area_1,
          sprint2_light_combat_area_1, sprint2_behind_water_1,
          sprint2_near_end_vault_1]

Skill      XL: |  1  2  3  4  5  6  7  8 |
---------------+-------------------------+-----
Dodging        | 4 10 11 13 14 | 14.1
Spellcasting   | 3 9 10 11 12 | 12.2
Earth Magic    | 4 8 9 10 11 | 11.4
Stealth        | |  1.4
Transmutations | |  1.0

Action                   |  1- 3 |  4- 6 |  7- 9 || total
-------------------------+-------+-------+-------++-------
 Cast: Sandblast         |    17 |     4 |    37 ||    58
Dodge: Dodged            |     1 |     4 |    20 ||    25
